 Dungeon Crawl Stone Soup version 0.24-a0-201-gf205589 (webtiles) character file.

Game seed: 2359045805163696333

55 Ivan the Skirmisher (level 3, -1/30 HPs)
             Began as a Demonspawn Abyssal Knight on Mar 24, 2019.
             Was a Follower of Lugonu.
             Slain by a gnoll
             ... wielding a +0 whip
              (4 damage)
             ... on level 2 of the Dungeon.
             The game lasted 00:03:34 (1117 turns).

Ivan the Skirmisher (Demonspawn Abyssal Knight)     Turns: 1117, Time: 00:03:34

Health: -1/30      AC:  3    Str: 13    XL:     3   Next: 67%
Magic:  4/4        EV: 11    Int: 13    God:    Lugonu [*.....]
Gold:   91         SH:  0    Dex: 12    Spells: 2/2 levels left

rFire    + . .     SeeInvis .   a - +1 mace
rCold    + . .     Gourm    .   (no shield)
rNeg     + . .     Faith    .   b - +0 leather armour
rPois    +         Spirit   .   (no helmet)
rElec    +         Reflect  .   (no cloak)
rCorr    +         Harm     .   (no gloves)
MR       .....                  (no boots)
Stlth    +.........             (no amulet)
HPRegen  0.10/turn              g - ring of positive energy
MPRegen  0.09/turn              (no ring)

@: about to teleport, resistant
A: claws 1, spiny 1
a: Depart the Abyss, Renounce Religion


You were on level 2 of the Dungeon.
You worshipped Lugonu.
Lugonu was aware of your devotion.
You were hungry.

You visited 1 branch of the dungeon, and saw 2 of its levels.
You visited the Abyss 1 time.

You collected 91 gold pieces.

Inventory:

Hand Weapons
 a - a +1 mace (weapon)
Armour
 b - a +0 leather armour (worn)
Jewellery
 g - a ring of positive energy (left claw)
Scrolls
 d - a scroll of teleportation
 e - a scroll of enchant armour {unknown}
 h - a scroll of remove curse {unknown}
Comestibles
 c - 2 rations


   Skills:
 + Level 3.9 Fighting
 + Level 2.4 Maces & Flails
 + Level 2.0 Armour
 + Level 1.1 Dodging
 + Level 2.6 Invocations


You had 2 spell levels left.
You didn't know any spells.
Your spell library was empty.

Dungeon Overview and Level Annotations

Branches:
Dungeon (2/15)

Altars:


Innate Abilities, Weirdness & Mutations

You have sharp fingernails.
You are partially covered in sharp spines.


Message History

The gnoll hits you.
You hit the gnoll but do no damage.
The gnoll is heavily wounded.
The gnoll is struck by your spines. The gnoll barely misses you.
The gnoll hits you but does no damage.
You barely miss the gnoll.
The gnoll is severely wounded.
The gnoll is struck by your spines. The gnoll barely misses you.
You hit the gnoll.
You kill the gnoll!
Lugonu accepts your kill. The gnoll is struck by your spines.
The gnoll hits you with a +0 whip.
You hit the gnoll.
The gnoll is heavily wounded.
The gnoll hits you with a +0 whip!
* * * LOW HITPOINT WARNING * * *
As you read the scroll labeled TUNUJOUCZE, it crumbles to dust.
You feel strangely unstable.
It was a scroll of teleportation.
The gnoll hits you with a +0 whip.
You die...

.....# #.....#
###.....# .......#
########....#
###.........g.#
.##........#.##
.##........#.#####
...............g@#
..################
.<...........
..########### ..#
..# #######
......# ......#


You could see a gnoll.

Vanquished Creatures
  A gnoll (D:2)
  3 dart slugs (D:1)
  3 leopard geckos (D:1)
  8 bats
  5 giant cockroaches (D:1)
  3 goblins (D:1)
  3 hobgoblins
  4 kobolds (D:1)
  2 frilled lizards
  A rat (D:1)
33 creatures vanquished.

Notes
Turn   | Place    | Note
-------+----------+-------------------------------------------
     0 | Abyss:1  | Ivan the Demonspawn Abyssal Knight began the quest for the
                  | Orb.
     0 | Abyss:1  | Reached XP level 1. HP: 18/18 MP: 2/2
    60 | Abyss:1  | Noticed a chaos spawn
    61 | D:1      | Escaped the Abyss
    98 | D:1      | Reached * piety under Lugonu
   121 | D:1      | Gained mutation: You are partially covered in sharp spines.
                  | [demonic ancestry]
   121 | D:1      | Reached XP level 2. HP: 4/24 MP: 3/3
   620 | D:1      | Reached skill level 1 in Dodging
   620 | D:1      | Gained mutation: You have sharp fingernails. [demonic
                  | ancestry]
   620 | D:1      | Reached XP level 3. HP: 28/30 MP: 4/4
  1117 | D:2      | Slain by a gnoll

Levels and vault maps discovered:
D:1:      psy_arrival_spokes, layout_basic
D:2:      layout_basic, uniq_robin, uniq_terence
Abyss:1

Skill      XL: |  1  2 |
---------------+-------+-----
Armour         | 2 |  2.0
Maces & Flails | 2 |  2.4
Dodging        | 1 |  1.1
Fighting       | |  3.9
Invocations    | |  2.6

Action                   || total
-------------------------++-------
Melee: Mace              ||    78
Invok: Depart the Abyss  ||     1
  Use: Scroll            ||     1
       Potion            ||     1
Armor: Leather armour    ||    24
Dodge: Dodged            ||    72

Table legend:
 A = Non-vault XP
 B = Vault XP
 C = Vault XP percentage of total XP
 D = Non-vault monster count
 E = Vault monster count
 F = Vault count percentage of total count
                 A         B        C        D         E       F
            +---------+---------+-------+---------+---------+-------
      Total |      79 |       0 |   0.0 |      33 |       0 |   0.0
            +---------+---------+-------+---------+---------+-------
        D:1 |      58 |       0 |   0.0 |      28 |       0 |   0.0
        D:2 |      21 |       0 |   0.0 |       5 |       0 |   0.0
            +---------+---------+-------+---------+---------+-------
